 Dungeon Crawl Stone Soup version 0.27-a0-1384-g1422d76b99 (webtiles) character file.

Game seed: 11500487356939849048

214 robertstho the Skirmisher (level 5, 0/53 HPs)
             Began as a Troll Delver on June 30, 2021.
             Slain by a kobold brigand (4 damage)
             ... in a sewer.
             The game lasted 00:02:11 (335 turns).

robertstho the Skirmisher (Troll Delver)             Turns: 335, Time: 00:02:12

Health: 0/53       AC:  4    Str: 21    XL:     5   Next: 59%
Magic:  4/4        EV: 10    Int:  6    God:
Gold:   31         SH:  0    Dex: 11    Spells: 4/4 levels left

rFire    . . .     SeeInvis .     - Unarmed
rCold    . . .     Faith    .   (no shield)
rNeg     . . .     Spirit   .   a - +0 robe
rPois    .         Reflect  .   (helmet restricted)
rElec    .         Harm     .   (no cloak)
rCorr    .         Rampage  .   (gloves unavailable)
Will     .....                  (boots unavailable)
Stlth    ++........             (no amulet)
HPRegen  1.17/turn              (no ring)
MPRegen  0.09/turn              (no ring)

@: lethally poisoned (0 -> -1), slowed, very slow
A: large, unfitting armour, claws 3, regeneration 1, shaggy fur 1, tough skin 1
a: no special abilities


You were in a sewer.
You visited 1 branch of the dungeon, and saw 1 of its levels.
You also visited: Sewer.

You collected 31 gold pieces.

Inventory:

Armour
 a - a +0 robe (worn)
Wands
 f - a wand of digging (3)
Scrolls
 b - a scroll of fog
 c - a scroll of magic mapping
 d - a scroll of fear
 h - a scroll of noise {unknown}
Potions
 e - a potion of haste
 g - a potion of might {unknown}
 i - a potion of heal wounds {unknown}
 j - a potion of brilliance {unknown}
 k - 2 potions of curing {unknown}
 l - a potion of flight {unknown}


   Skills:
 * Level 3.6 Fighting
 * Level 2.1 Armour
 + Level 2.1 Dodging
 - Level 2.7 Stealth
 + Level 3.4 Unarmed Combat


You had 4 spell levels left.
You didn't know any spells.
Your spell library was empty.

Dungeon Overview and Level Annotations

Branches:
Dungeon (5/15)              Sewer (1/1)
 Temple: D:4-7

Altars:


Innate Abilities, Weirdness & Mutations

You are too large for most types of armour.
You have claws for hands.
Your natural rate of healing is unusually fast.
You are covered in fur. (AC +1)
You have tough skin. (AC +1)


Message History

The kobold brigand is lightly wounded.
The kobold hits you but does no damage.
The kobold brigand hits you with a +0 whip!
The kobold barely misses you.
You barely miss the kobold brigand.
The kobold brigand is lightly wounded.
The kobold hits you with a +0 club.
The kobold brigand hits you with a +0 whip!
The kobold hits you with a +0 dagger.
You completely miss the kobold brigand.
The kobold brigand is lightly wounded.
The kobold hits you with a +0 club. The kobold brigand barely misses you.
The kobold hits you but does no damage.
You closely miss the kobold brigand.
The kobold brigand is lightly wounded.
The kobold hits you with a +0 club.
The kobold brigand hits you with a +0 whip.
The kobold hits you but does no damage.
You completely miss the kobold. The kobold hits you with a +0 club.
You miss the kobold. The kobold misses you.
You claw the kobold!
You kill the kobold!
You scratch the kobold.
You kill the kobold!
The kobold brigand throws a curare-tipped dart.
The curare-tipped dart hits you.
You are poisoned.
You have difficulty breathing.
You feel yourself slow down.
You completely miss the kobold.
You feel very sick.
You claw the kobold brigand!
The kobold brigand is heavily wounded.
You feel very sick.
The kobold brigand hits you with a +0 whip!
* * * LOW HITPOINT WARNING * * *
You claw the kobold brigand!
The kobold brigand is severely wounded.
You feel very sick.
The kobold brigand hits you with a +0 whip.
You die...

#...##
#..## ≈≈
##..##≈≈≈
#....#≈≈≈
##.....≈≈≈
#.....≈≈≈≈≈
#...≈.≈≈≈≈≈
#...≈≈≈≈≈≈≈
#@...≈≈≈≈≈≈
##K###≈≈≈≈≈
#..)..#≈≈≈≈
#..K..# ≈≈≈
##...## ≈≈
!...!
#!!#!!# ###
### ≈≈≈ ≈≈≈


You could see a kobold brigand and a kobold.

Vanquished Creatures
  2 kobold brigands (Sewer)
  4 river rats (Sewer)
  An adder (Sewer)
  9 kobolds (Sewer)
  5 quokkas (D:5)
  5 ball pythons (Sewer)
  2 frilled lizards (Sewer)
  16 rats (Sewer)
44 creatures vanquished.

Notes
Turn   | Place    | Note
-------+----------+-------------------------------------------
     0 | D:5      | robertstho the Troll Delver began the quest for the Orb.
     0 | D:5      | Reached XP level 1. HP: 22/22 MP: 0/0
    40 | D:5      | Found a glowing drain.
    65 | Sewer    | Entered a sewer
    83 | Sewer    | Reached XP level 2. HP: 25/29 MP: 1/1
   108 | Sewer    | Noticed a kobold brigand
   111 | Sewer    | Reached skill level 1 in Armour
   116 | Sewer    | Killed a kobold brigand
   117 | Sewer    | Reached XP level 3. HP: 24/37 MP: 2/2
   117 | Sewer    | Reached XP level 4. HP: 29/45 MP: 3/3
   222 | Sewer    | Noticed a kobold brigand
   232 | Sewer    | Killed a kobold brigand
   233 | Sewer    | Reached XP level 5. HP: 35/53 MP: 4/4
   335 | Sewer    | Slain by a kobold brigand

Illustrated notes

Levels and vault maps discovered:
D:5:      layout_loops_ring, nicolae_wu_jian_wuxing_cycle, portal_sewer_entry_f
Sewer:    sewer_minmay_treatment

Skill      XL: |  1  2  3  4 |
---------------+-------------+-----
Armour         | 1 2 |  2.1
Fighting       | 3 |  3.6
Dodging        | 2 |  2.1
Unarmed Combat | 3 |  3.4
Stealth        | |  2.7

Action                   |  1- 3 |  4- 6 || total
-------------------------+-------+-------++-------
Melee: Unarmed           |    30 |    80 ||   110
       Punch             |       |     2 ||     2
 Stab: Sleeping          |       |     2 ||     2
Armor: Robe              |    10 |    35 ||    45
Dodge: Dodged            |    16 |    46 ||    62

Table legend: (Time is in decaauts)
 A = Elapsed time spent in this place.
 B = Non-inter-level travel time spent in this place.
 C = Inter-level travel time spent in this place.
 D = Time resting spent in this place.
 E = Time spent auto-exploring this place.
 F = Levels seen in this place.
 G = Mean time per level.
                   A        B        C        D        E       F      G
               +--------+--------+--------+--------+--------+-----+--------+
         Total |    338 |    338 |      0 |      0 |    108 |   2 |  169.0 |
       Dungeon |     68 |     68 |      0 |      0 |     35 |   1 |   68.0 |
         Sewer |    270 |    270 |      0 |      0 |     73 |   1 |  270.0 |
               +--------+--------+--------+--------+--------+-----+--------+

Top non-repeatable levels by time:
   Sewer: 270 daAuts
     D:5: 68 daAuts
